Map: 暮色之塔

Players

TIME (Oliveira)

  • Race: Terran Terran
  • League: Master

ZooWhaleTail - Winner!

  • Race: Zerg Zerg
  • League: Master

Event: GPL 2015 - Grand Finals

VOD

Have the link to the VOD?

Description

Time

  • Played on: Jan. 22, 2016, 10:45 p.m.
  • Length: 10:00

All games in this series

Show
View Real Time Build Order
Export as new Build Order

TIME Terran 

Build Orders: Reaper Expand, MMM Bio 

Get SALT Encoding   

  12  0:00  SCV  
  13  0:13  SCV  
  14  0:17  Supply Depot  
  14  0:25  SCV  
  15  0:39  SCV  
  15  0:40  Barracks  
  16  0:45  Refinery  
  16  0:51  SCV  
  17  1:03  SCV  
  18  1:15  SCV  
  19  1:28  Orbital Command, Reaper  
  20  1:40  Command Center  
  20  1:48  Supply Depot  
  20  1:54  SCV  
  20  2:00  Marine  
  22  2:05  Factory  
  22  2:08  SCV  
  22  2:12  Refinery  
  23  2:20  SCV  
  23  2:22  Barracks Reactor  
  24  2:33  SCV  
  25  2:45  SCV  
  26  2:53  Starport, Orbital Command  
  26  2:57  SCV  
  27  2:59  Marine x2  
  27  3:02  Factory Tech Lab  
  29  3:09  SCV  
  30  3:17  Marine x2  
  32  3:20  SCV  
  32  3:21  SCV  
  32  3:22  Siege Tank  
  37  3:28  Supply Depot  
  37  3:32  SCV  
  37  3:33  SCV  
  39  3:34  Marine  
  39  3:35  Marine  
  39  3:40  Medivac  
  43  3:44  SCV  
  43  3:45  SCV  
  45  3:52  Marine x2  
  47  3:56  SCV, Barracks  
  47  3:57  Barracks  
  47  4:01  Supply Depot  
  47  4:02  SCV  
  49  4:04  Siege Tank  
  49  4:08  SCV  
  53  4:10  Refinery  
  53  4:11  Marine  
  54  4:22  Marine, SCV x2, Medivac  
  59  4:25  Engineering Bay  
  59  4:26  Supply Depot  
  59  4:32  Marine  
  59  4:35  SCV x2  
  62  4:46  Barracks Tech Lab x2  
  62  4:47  Marine, SCV  
  62  4:50  SCV  
  62  4:52  Barracks  
  65  4:53  Barracks  
  65  4:56  Marine  
  65  4:58  Starport Reactor, Siege Tank  
  69  5:00  SCV  
  69  5:03  SCV  
  64  5:17  Marine  
  64  5:18  Marine x2, Combat Shields  
  64  5:19  Stimpack  
  64  5:20  Marine  
  68  5:23  Supply Depot x2  
  67  5:45  Marine x2, Barracks Reactor x2  
  67  5:47  Marauder x2  
  73  5:52  Terran Infantry Weapons Level 1  
  73  5:54  SCV  
  73  5:55  SCV  
  73  5:56  Command Center  
  73  5:57  Refinery  
  75  6:03  Marine x2  
  77  6:08  Supply Depot, Medivac  
  77  6:09  Marauder x2  
  83  6:19  Medivac  
  84  6:26  Marine  
  84  6:27  Marine x3  
  84  6:31  Marine x2  
  90  6:34  Siege Tank  
  90  6:37  Marauder  
  97  6:40  Supply Depot, Marauder  
  97  6:47  Marine x4  
  97  6:49  Marine  
  102  7:01  Marine, Medivac x2, Marauder  
  102  7:03  Supply Depot  
  102  7:04  Supply Depot  
  102  7:05  Marine  
  102  7:07  Marine  
  111  7:13  Marine x3  
  111  7:14  Marauder  
  111  7:19  Siege Tank  
  111  7:20  SCV x2  
  111  7:22  Marine  
  117  7:33  Marine x2  
  117  7:34  Marine  
  120  7:39  Marine x2, Marauder  
  120  7:41  SCV  
  122  7:44  Orbital Command  
  122  7:45  SCV  
  122  7:46  Terran Infantry Armor Level 1  
  122  7:48  Armory  
  123  7:52  Engineering Bay  
  123  7:54  Marine x2  
  123  7:56  SCV  
  126  8:10  Supply Depot, SCV x2  
  126  8:11  Marine, Siege Tank  
  126  8:12  Marine x3  
  135  8:16  Concussive Shells  
  135  8:17  Marauder  
  137  8:25  Marine x2, Marauder  
  141  8:32  Supply Depot, SCV x2, Medivac  
  145  8:37  Marine x3  
  145  8:42  SCV  
  145  8:43  Marine  
  145  8:44  Marine  
  145  8:45  Marine  
  136  8:49  Marine  
  136  8:50  SCV  
  136  8:52  Marauder  
  121  8:56  Marine x2  
  121  8:58  Marine  
  121  8:59  SCV  
  95  9:04  Marine  
  95  9:07  Marauder  
  95  9:09  Marine x2  
  89  9:13  Marine, Marauder  
  89  9:14  Marine  
  89  9:16  Marine  
  91  9:22  Marine  
  81  9:26  Marine  
  81  9:27  Marine  
  81  9:29  Marauder  
  74  9:31  Marine  
  74  9:32  Marine  
  74  9:34  Marine, Marauder  
  61  9:39  Marine  
Show
View Real Time Build Order
Export as new Build Order

ZooWhaleTail Zerg - Winner!

Build Orders: Hatch First 

Get SALT Encoding   

  12  0:01  Drone  
  13  0:13  Overlord  
  13  0:17  Drone  
  14  0:31  Drone x2  
  14  0:35  Drone  
  17  0:52  Hatchery  
  17  0:56  Drone  
  17  0:59  Drone  
  18  1:14  Spawning Pool  
  18  1:15  Drone  
  18  1:19  Drone  
  19  1:39  Hatchery  
  18  1:41  Drone  
  18  1:44  Drone  
  20  1:58  Extractor  
  20  2:00  Queen  
  20  2:01  Zergling x2  
  22  2:06  Queen  
  24  2:10  Drone  
  24  2:13  Drone  
  26  2:18  Overlord  
  26  2:23  Drone  
  26  2:27  Drone  
  28  2:42  Drone x3  
  30  2:48  Queen  
  30  2:49  Drone x2  
  34  2:54  Overlord  
  34  3:00  Pneumatized Carapace  
  34  3:05  Drone  
  35  3:06  Drone  
  35  3:09  Drone  
  35  3:11  Drone  
  35  3:12  Drone  
  39  3:14  Drone  
  39  3:16  Drone  
  39  3:18  Drone  
  42  3:20  Drone  
  42  3:23  Drone  
  42  3:25  Drone  
  45  3:32  Roach Warren  
  44  3:34  Overlord  
  44  3:41  Lair  
  44  3:46  Drone x2, Extractor  
  44  3:47  Drone  
  44  3:48  Extractor  
  45  3:53  Drone x3  
  48  4:01  Queen  
  48  4:02  Queen  
  52  4:04  Drone  
  52  4:06  Drone  
  54  4:17  Roach  
  54  4:18  Overlord x2  
  56  4:27  Overlord x2  
  56  4:32  Metabolic Boost  
  56  4:37  Roach x2  
  56  4:38  Roach x3  
  66  4:46  Roach  
  66  4:50  Glial Reconstitution  
  68  4:54  Evolution Chamber  
  67  5:05  Drone x7  
  68  5:07  Drone  
  68  5:12  Drone x2  
  67  5:18  Drone x3  
  67  5:19  Overlord  
  67  5:21  Drone x3  
  73  5:27  Overlord  
  73  5:31  Zerg Missile Weapons Level 1  
  73  5:32  Roach x4, Extractor  
  80  5:37  Roach x2  
  82  5:48  Roach x2  
  86  5:50  Overlord  
  86  5:51  Roach x3  
  86  5:55  Overlord x2  
  92  5:58  Roach x3  
  92  6:02  Overlord  
  98  6:09  Roach x2  
  102  6:15  Roach  
  104  6:20  Roach x2  
  108  6:31  Overlord  
  108  6:32  Overlord  
  108  6:34  Drone x8  
  108  6:35  Extractor  
  108  6:36  Extractor  
  114  6:44  Overseer  
  114  6:53  Drone x2  
  116  6:54  Overlord  
  116  7:00  Roach  
  116  7:01  Roach x5  
  126  7:02  Ravager  
  126  7:03  Ravager x5  
  126  7:04  Roach x3  
  138  7:15  Roach x4  
  146  7:17  Roach  
  148  7:24  Roach x2  
  148  7:29  Roach x4  
  160  7:33  Overlord  
  160  7:34  Overlord x4  
  160  7:48  Evolution Chamber  
  160  7:51  Hatchery, Infestation Pit  
  157  8:01  Drone x15  
  157  8:05  Hatchery  
  171  8:10  Ravager x5  
  176  8:19  Spore Crawler  
  175  8:20  Spore Crawler x2  
  175  8:26  Roach x9  
  188  8:30  Roach x2  
  192  8:34  Overlord  
  192  8:35  Overlord  
  154  8:50  Roach x8  
  168  9:01  Roach x5  
  149  9:04  Roach  
  134  9:11  Roach x4  
  134  9:15  Roach  
  138  9:17  Roach x2  
  138  9:20  Roach  
  138  9:21  Roach  
  141  9:35  Roach  
Tags
 
Add a new tag
Caveats
  • Supply blocks, unpowered buildings, or Contaminate may cause inaccurate times.
  • Supply counts are checked every 10 seconds.